Thistle, neutral female sylph Wizard # ------ ---.- |....| -------- ------------ |.^..# ----- ---....| --..u@..| |.....}}}..| #.<*.|# ##....| |......-#####.......)[###### |....}}....| #--.--# # |...--- |......| |.....))| ##-..........-########[######)######%##%# |.....| ---...*-# |.....)<| # -.--------.- ##### ----- # # |.....| |....| |..[...-- ### # ##### ####### ....`. # ##-.....| ------ --.----- # # # ### | -----.- # ### ### # ### + # # # # # #### # # ### ---------|-# ### # ### # |.........|# %# ### # # |.........-##### ## # --|---) |.>.......| # # -.-.- |....|% |.........-## ##` #########....| |....|# ----------- # ---------.- |...| |.....# ###|.........| |...| |....| #..........| ----- ------ ----------- Thistle the Thaumaturge Experience level: 9 Strength: 15 Dexterity: 10 Constitution: 15 Intelligence: 17 Wisdom: 14 Charisma: 11 Health: 0(79) Energy: 115(115) Def: 1 Gold: 46 Moves: 12330 Dungeon seed: _XT1wpoUqVWT8MkF Game ID: Thistle_1617364592 Your Inventory: Coins $ - 46 gold pieces Amulets U - an uncursed amulet of reflection (being worn) Weapons T - a blessed +1 dagger (weapon in hand) Armor o - an uncursed +0 cloak of magic resistance (being worn) Comestibles j - 4 uncursed lembas wafers w - 4 uncursed figues A - an uncursed banana B - 6 uncursed tripe rations H - 5 uncursed fortune cookies L - an uncursed candy bar W - 6 uncursed food rations Scrolls n - an uncursed scroll of teleportation x - an uncursed scroll of light Potions u - 5 potions of holy water Rings D - an uncursed ring of free action Wands c - a wand of opening (0:6) h - a wand of create monster (0:3) t - a wand of fire (0:0) v - a wand of sleep (0:5) I - a wand of light (0:3) K - a cursed wand of nothing (0:4) M - a wand of magic missile (0:4) Z - a wand of striking (0:4) Tools e - a -2 unicorn horn l - an uncursed magic lamp (lit) q - an uncursed stethoscope s - a +0 pick-axe (alternate weapon; not wielded) G - a bag of tricks (0:17) J - an uncursed tooled horn Gems b - an uncursed black opal d - 2 uncursed dilithium crystals f - 4 uncursed rubies g - 3 uncursed diamonds k - a blessed luckstone m - 2 uncursed ambers E - an uncursed obsidian P - a blessed touchstone R - 3 uncursed emeralds V - 3 uncursed amethysts Y - 3 uncursed garnets Spells and supernatural/magical abilities: Name Level Category Fail Memory a - force bolt 1 attack 0% 39% h - healing 1 healing 0% 39% m - magic missile 2 attack 0% 50% n - detect monsters 1 divination 0% 67% x - extra healing 3 healing 77% 67% z - sleep 2 enchantment 0% 50% W - pray for help -- divine ? -- Your skills at the end: Miscellaneous Skills wands [Skilled] Weapon Skills dagger [Basic] quarterstaff [Basic] Spellcasting Skills attack spells [Basic] enchantment spells [Basic] Final Attributes: You were devoutly aligned. You were magic-protected. Your writing hand was cramped from overuse. You saw invisible. You had infravision. You were invisible to others. You were displaced. You were very stealthy. You were protected from shape changers. You had reflection. You were extremely lucky. You had extra luck. Good luck did not time out for you. You are dead. Vanquished creatures: a ghost 2 giant mimics 3 large mimics 2 quantum mechanics a large dog a flaming sphere a tengu a gelatinous cube a red naga 2 Grey-elves 2 succubi 3 incubi a giant beetle 3 wolves a winter wolf cub 2 gremlins a leprechaun a quivering blob a lizard a mountain nymph an orc-captain an iron piercer an ice vortex a vampire bat 3 gnome kings an orc mummy an ogre a brown pudding an owlbear a werewolf 3 piranhas a dingo 3 housecats 2 dwarf lords a blue jelly 2 white unicorns 3 dust vortices 2 snakes 2 apes 3 human zombies 2 soldier ants 4 bugbears 6 Mordor orcs 3 Uruk-hai 2 ponies a fog cloud 2 shriekers 9 gnome lords 2 gnomish wizards 2 kobold mummies 2 red naga hatchlings a black naga hatchling 2 gray oozes 2 elf zombies a straw golem 3 jellyfish a giant ant a puppy 5 floating eyes 2 kittens 19 dwarves a homunculus 4 kobold lords a kobold shaman 3 iguanas 7 hill orcs 2 rothes a rabid rat 6 jitterbugs 5 giant bats a monkey a wererat 8 killer bees 4 coyotes 3 gas spores 10 hobbits 6 acid blobs 4 large kobolds 7 geckos 4 hobgoblins 5 giant rats 3 cave spiders 3 brown molds a yellow mold a green mold 2 red molds 35 gnomes a garter snake a gnome zombie 4 jackals 5 kobolds 7 newts 7 goblins 5 sewer rats 8 grid bugs a bat 8 lichens 3 kobold zombies 315 creatures vanquished. Voluntary challenges: You were vegetarian. You did not cause conflict. You were not invisible. You did not have reflection until turn 8040. You used a wielded weapon 112 times, starting on turn 138. You did not use plumbed fixtures. You read items or engraved 22 times, starting on turn 160. You never genocided any monsters. You never polymorphed an object. You never changed form. You completed Sokoban on turn 7956, according to the rules. You used no wishes. You never split a pudding. You wrote Elbereth's name 5 times, starting on turn 8338. You violated your moral code, losing 2 points of alignment, starting on turn 8531. Dungeon overview: The Dungeons of Doom: levels 1 to 9 Level 1 an altar to Thoth, a sink a long staircase Level 2 a potion shop stairs to The Gnomish Mines Level 3 a sink Level 4 an altar to Ptah, a fountain Level 5 Level 6 many fountains Level 7 <- You were here an altar to Thoth stairs to Sokoban Level 8 some fountains Level 9 The Gnomish Mines: levels 3 to 10 Level 3 stairs to The Dungeons of Doom Level 4 Level 5 Level 6 many shops, a temple to Anhur, a magic chest, some trees Level 7 Level 8 Level 9 Level 10 a magic chest, a fountain Sokoban: levels 3 to 6 Level 3 a magic chest Level 4 Level 5 Level 6 a magic chest stairs to The Dungeons of Doom History has recorded: On T:1 you entered the Dungeons of Doom to retrieve the Amulet of Yendor! On T:127 you reached level 2 of The Dungeons of Doom. On T:272 you advanced to experience level 2. On T:416 you reached level 1 of The Gnomish Mines. On T:750 you advanced to experience level 3. On T:814 you advanced to experience level 4. On T:1134 you reached level 2 of The Gnomish Mines. On T:1240 you advanced to experience level 5. On T:1424 you reached level 3 of The Gnomish Mines. On T:1572 you prayed to Thoth. On T:1649 you advanced to experience level 6. On T:1661 you reached level 4 of The Gnomish Mines. On T:2070 you prayed to Thoth. On T:2124 you entered the Minetown temple On T:2133 you opened a magic chest. On T:2143 you advanced to experience level 7. On T:2944 you reached level 3 of The Dungeons of Doom. On T:3373 you reached level 4 of The Dungeons of Doom. On T:3738 you reached level 5 of The Dungeons of Doom. On T:4103 you reached level 6 of The Dungeons of Doom. On T:4380 you reached level 7 of The Dungeons of Doom. On T:4382 you reached level 8 of The Dungeons of Doom. On T:4439 you advanced to experience level 8. On T:4499 you reached level 9 of The Dungeons of Doom. On T:4994 you reached level 4 of Sokoban. On T:5517 you reached level 3 of Sokoban. On T:6396 you reached level 2 of Sokoban. On T:7141 you reached level 1 of Sokoban. On T:7956 you advanced to experience level 9. On T:7956 you entered the Sokoban zoo. On T:8434 you prayed to Thoth. On T:8854 you reached level 5 of The Gnomish Mines. On T:9320 you reached level 6 of The Gnomish Mines. On T:9374 you reached level 7 of The Gnomish Mines. On T:10056 you reached level 8 of The Gnomish Mines. On T:10056 you reached the bottom of the Mines. Score breakdown: Gold: 46 ( 4 points) Experience: 9 levels ( 800 points) Exploration: 10 levels ( 270 points) Discoveries: 59 items ( 2000 points) Variety of kills: 98 monsters ( 2000 points) Major goal: Sokoban/Mines ( 1500 points) Survival: died (score multiplied by 3) Total score: 19722 Latest messages: The magic missile bounces! (2x) You kill the iguana! The magic missile bounces! The magic missile hits you! But it reflects from your medallion! You see here a flail named Flail of Fable. There are several objects here. O - an ogre corpse. You can barely move a handspan with this load! The white unicorn butts! The white unicorn kicks! The white unicorn butts! The white unicorn kicks! The white unicorn butts! The white unicorn kicks! The white unicorn butts! The white unicorn kicks! You drop an ogre corpse. Your movements are now unencumbered. The white unicorn butts! The white unicorn kicks! The white unicorn butts! You die... Final status: Goodbye Thistle the Wizard, killed by a white unicorn... You died in The Dungeons of Doom on dungeon level 7 with 19722 points, and 46 pieces of gold, after 12330 moves. You were level 9 with a maximum of 79 hit points when you died.